Harold, neutral male human Wizard ----------- |..@......+ ...i......| |..<+.....| ----------- Harold the Thaumaturge Experience level: 7 Strength: 9 Dexterity: 8 Constitution: 10 Intelligence: 18 Wisdom: 13 Charisma: 10 Health: 0(42) Energy: 62(62) Def: 0 Gold: 0 Moves: 5836 Dungeon seed: 2heXF1gAxgnUMTZz Game ID: Harold_1576524712 Your Inventory: Comestibles w - 6 uncursed food rations A - an uncursed fortune cookie Scrolls L - an uncursed scroll of identify M - an uncursed scroll of genocide Spellbooks l - a blessed spellbook of force bolt Wands p - a wand of light (0:10) Spells and supernatural/magical abilities: Name Level Category Fail Memory a - force bolt 1 attack 0% 71% h - healing 1 healing 0% 71% W - pray for help -- divine ? -- Your skills at the end: Fighting Skills Weapon Skills quarterstaff [Basic] Spellcasting Skills attack spells [Basic] enchantment spells [Basic] Final Attributes: You were piously aligned. You were a werejackal. You could not change from your current form. You are dead (132nd time!). Vanquished creatures: a large mimic a gargoyle a leocrotta 4 Grey-elves 2 wolves a black light a gnome king an orc mummy a yeti 2 dingos a dwarf lord 2 dust vortices 2 soldier ants a quasit 9 Mordor orcs 4 Uruk-hai an orc shaman a rock piercer a kobold mummy a gray ooze a barrow wight a baby crocodile a dwarf a homunculus 2 kobold lords 2 rothes a rabid rat a centipede a giant bat 4 orc zombies 2 werejackals an iguana a coyote a hobbit a large kobold 2 hobgoblins 3 giant rats a cave spider 2 gnomes a gnome zombie 5 geckos 36 jackals a fox 3 kobolds 4 goblins 8 grid bugs 2 bats 3 lichens 4 kobold zombies 6 newts 140 creatures vanquished. Voluntary challenges: You did not eat until turn 1848. You had followed a strict vegan diet until turn 1848. You had followed a strict vegetarian diet until turn 1848. You were an atheist. You used a wielded weapon 318 times, starting on turn 75. You read items or engraved 6 times, starting on turn 4636. You never genocided any monsters. You never polymorphed an object. You never changed form. You used 2 wishes, starting on turn 4153. You wished for your your first artifact on turn 4153. You never split a pudding. You never wrote Elbereth's name. You violated your moral code, losing 10 points of alignment, starting on turn 1666. Dungeon overview: The Dungeons of Doom: levels 1 to 13 Level 1 a long staircase Level 2 Level 3 a long staircase Level 4 a delicatessen, a fountain Level 5 a general store Level 6 Level 7 a sink Level 8 Level 9 a long staircase Level 10 a general store Level 11 a fountain Level 12 Level 13 <- You were here History has recorded: On T:1 you entered the Dungeons of Doom to retrieve the Amulet of Yendor! On T:235 you reached level 2 of The Dungeons of Doom. On T:1165 you were saved from death by your wizard powers! On T:1399 you reached level 3 of The Dungeons of Doom. On T:1408 you advanced to experience level 2. On T:1673 you advanced to experience level 3. On T:1857 you were saved from death by your wizard powers! On T:1874 you were saved from death by your wizard powers! On T:2022 you reached level 4 of The Dungeons of Doom. On T:2274 you advanced to experience level 4. On T:2358 you were saved from death by your wizard powers! On T:2579 you reached level 5 of The Dungeons of Doom. On T:2611 you were saved from death by your wizard powers! On T:2753 you reached level 6 of The Dungeons of Doom. On T:2885 you were saved from death by your wizard powers! On T:2891 you were saved from death by your wizard powers! On T:3353 you were saved from death by your wizard powers! On T:3359 you were saved from death by your wizard powers! On T:3363 you advanced to experience level 5. On T:3479 you reached level 7 of The Dungeons of Doom. On T:3601 you reached level 8 of The Dungeons of Doom. On T:3653 you were saved from death by your wizard powers! On T:3657 you were saved from death by your wizard powers! On T:3663 you were saved from death by your wizard powers! On T:3668 you were saved from death by your wizard powers! On T:3774 you were saved from death by your wizard powers! On T:3778 you were saved from death by your wizard powers! On T:3781 you were saved from death by your wizard powers! On T:3789 you were saved from death by your wizard powers! On T:3796 you were saved from death by your wizard powers! On T:3803 you were saved from death by your wizard powers! On T:3810 you were saved from death by your wizard powers! On T:3831 you were saved from death by your wizard powers! On T:3849 you were saved from death by your wizard powers! On T:3861 you were saved from death by your wizard powers! On T:3876 you were saved from death by your wizard powers! On T:3887 you were saved from death by your wizard powers! On T:3897 you were saved from death by your wizard powers! On T:3907 you were saved from death by your wizard powers! On T:3940 you were saved from death by your wizard powers! On T:3955 you were saved from death by your wizard powers! On T:3971 you were saved from death by your wizard powers! On T:3984 you were saved from death by your wizard powers! On T:4006 you were saved from death by your wizard powers! On T:4016 you were saved from death by your wizard powers! On T:4021 you were saved from death by your wizard powers! On T:4027 you were saved from death by your wizard powers! On T:4032 you advanced to experience level 6. On T:4041 you were saved from death by your wizard powers! On T:4045 you were saved from death by your wizard powers! On T:4052 you were saved from death by your wizard powers! On T:4057 you were saved from death by your wizard powers! On T:4063 you were saved from death by your wizard powers! On T:4067 you were saved from death by your wizard powers! On T:4071 you were saved from death by your wizard powers! On T:4075 you were saved from death by your wizard powers! On T:4143 you reached level 9 of The Dungeons of Doom. On T:4153 you wished for "Staff of Aesculapius". On T:4169 you were saved from death by your wizard powers! On T:4544 you were saved from death by your wizard powers! On T:4558 you were saved from death by your wizard powers! On T:4607 you reached level 10 of The Dungeons of Doom. On T:4638 you were saved from death by your wizard powers! On T:4641 you were saved from death by your wizard powers! On T:4644 you were saved from death by your wizard powers! On T:4646 you were saved from death by your wizard powers! On T:4650 you were saved from death by your wizard powers! On T:4651 you were saved from death by your wizard powers! On T:4653 you were saved from death by your wizard powers! On T:4656 you were saved from death by your wizard powers! On T:4658 you were saved from death by your wizard powers! On T:4661 you were saved from death by your wizard powers! On T:4663 you were saved from death by your wizard powers! On T:4665 you were saved from death by your wizard powers! On T:4700 you were saved from death by your wizard powers! On T:4821 you advanced to experience level 7. On T:4833 you were saved from death by your wizard powers! On T:4972 you reached level 11 of The Dungeons of Doom. On T:5231 you wished for "blessed bag of holding". On T:5270 you were saved from death by your wizard powers! On T:5345 you were saved from death by your wizard powers! On T:5358 you were saved from death by your wizard powers! On T:5372 you were saved from death by your wizard powers! On T:5431 you were saved from death by your wizard powers! On T:5451 you were saved from death by your wizard powers! On T:5453 you were saved from death by your wizard powers! On T:5455 you were saved from death by your wizard powers! On T:5456 you were saved from death by your wizard powers! On T:5457 you were saved from death by your wizard powers! On T:5459 you were saved from death by your wizard powers! On T:5460 you were saved from death by your wizard powers! On T:5462 you were saved from death by your wizard powers! On T:5463 you were saved from death by your wizard powers! On T:5465 you were saved from death by your wizard powers! On T:5467 you were saved from death by your wizard powers! On T:5468 you were saved from death by your wizard powers! On T:5470 you were saved from death by your wizard powers! On T:5471 you were saved from death by your wizard powers! On T:5492 you were saved from death by your wizard powers! On T:5507 you were saved from death by your wizard powers! On T:5601 you reached level 12 of The Dungeons of Doom. On T:5639 you were saved from death by your wizard powers! On T:5640 you were saved from death by your wizard powers! On T:5641 you were saved from death by your wizard powers! On T:5642 you were saved from death by your wizard powers! On T:5660 you were saved from death by your wizard powers! On T:5671 you were saved from death by your wizard powers! On T:5673 you were saved from death by your wizard powers! On T:5675 you were saved from death by your wizard powers! On T:5680 you were saved from death by your wizard powers! On T:5682 you were saved from death by your wizard powers! On T:5683 you were saved from death by your wizard powers! On T:5685 you were saved from death by your wizard powers! On T:5686 you were saved from death by your wizard powers! On T:5687 you were saved from death by your wizard powers! On T:5688 you were saved from death by your wizard powers! On T:5691 you were saved from death by your wizard powers! On T:5693 you were saved from death by your wizard powers! On T:5694 you were saved from death by your wizard powers! On T:5695 you were saved from death by your wizard powers! On T:5696 you were saved from death by your wizard powers! On T:5697 you were saved from death by your wizard powers! On T:5698 you were saved from death by your wizard powers! On T:5699 you were saved from death by your wizard powers! On T:5701 you were saved from death by your wizard powers! On T:5702 you were saved from death by your wizard powers! On T:5704 you were saved from death by your wizard powers! On T:5706 you were saved from death by your wizard powers! On T:5713 you were saved from death by your wizard powers! On T:5725 you were saved from death by your wizard powers! On T:5737 you were saved from death by your wizard powers! On T:5742 you were saved from death by your wizard powers! On T:5744 you were saved from death by your wizard powers! On T:5746 you were saved from death by your wizard powers! On T:5748 you were saved from death by your wizard powers! On T:5750 you were saved from death by your wizard powers! On T:5752 you were saved from death by your wizard powers! On T:5755 you were saved from death by your wizard powers! On T:5756 you were saved from death by your wizard powers! On T:5758 you were saved from death by your wizard powers! On T:5760 you were saved from death by your wizard powers! On T:5765 you were saved from death by your wizard powers! On T:5773 you were saved from death by your wizard powers! On T:5781 you were saved from death by your wizard powers! On T:5787 you were saved from death by your wizard powers! On T:5791 you were saved from death by your wizard powers! On T:5805 you were saved from death by your wizard powers! On T:5807 you reached level 13 of The Dungeons of Doom. On T:5813 you were saved from death by your wizard powers! On T:5818 you were saved from death by your wizard powers! On T:5824 you were saved from death by your wizard powers! On T:5830 you were saved from death by your wizard powers! Score breakdown: Gold: 0 ( 0 points) Experience: 7 levels (13645 points) Exploration: 13 levels ( 24.53%) (14411 points) Discoveries: 7 items ( 2.45%) ( 4693 points) Valuables value: (no points given unless you survive) Artifact value: 0 ( 0 points) Variety of kills: 50 monsters ( 13.12%) (10867 points) Turncount: 5836 turns (-1583 points) Survival: died (score multiplied by 80%) Total score: 33626 Latest messages: You hit the quasit. The quasit hits! (2x) The quasit's sting was poisoned! Your muscles won't obey you! The quasit bites! You hit the quasit. The quasit hits! (2x) The quasit bites! The quasit hits! (2x) The quasit bites! You miss the quasit. The quasit hits! (2x) The quasit bites! You miss the quasit. The quasit hits! (2x) The quasit bites! You hit the quasit. The quasit hits! The quasit's sting was poisoned! Wizard is about to die. You die... Final status: Goodbye Harold the Wizard, killed by a quasit... You died in The Dungeons of Doom on dungeon level 13 with 33626 points, and 0 pieces of gold, after 5836 moves. You were level 7 with a maximum of 42 hit points when you died.